 Dungeon Crawl Stone Soup version 0.21-a0-258-g4c0eb85 (console) character file.

9039 Mandevil the Quickloader (level 11, -2/91 HPs)
             Began as a Human Hunter on Sept 6, 2017.
             Was an Elder of Okawaru.
             Slain by a seven-headed hydra (13 damage)
             ... on level 11 of the Dungeon.
             The game lasted 00:45:19 (11881 turns).

Mandevil the Quickloader (Human Hunter)            Turns: 11881, Time: 00:45:20

Health: -2/91      AC: 14    Str: 17    XL:     11   Next: 67%
Magic:  17/18      EV: 10    Int: 11    God:    Okawaru [****..]
Gold:   510        SH:  0    Dex: 15    Spells: 10/10 levels left

rFire    . . .     SeeInvis +   a - +5 hand axe (freeze)
rCold    . . .     Gourm    .   (no shield)
rNeg     . . .     Faith    .   B - +3 scale mail
rPois    .         Spirit   .   E - +1 helmet
rElec    .         Reflect  .   v - +1 cloak {+Inv}
rCorr    .         Harm     .   (no gloves)
MR       .....     Clarity  +   (no boots)
Stlth    ..........             (no amulet)
HPRegen  0.25/turn              s - ring of see invisible
MPRegen  0.16/turn              (no ring)

@: drained
A: clarity, robust 1, shaggy fur 1, strong 1
a: Heroism, Renounce Religion, Evoke Invisibility


You were on level 11 of the Dungeon.
You worshipped Okawaru.
Okawaru was greatly pleased with you.
You were hungry.

You visited 2 branches of the dungeon, and saw 12 of its levels.

You collected 510 gold pieces.

Inventory:

Hand Weapons
 a - a +5 hand axe of freezing (weapon)
 b - a +2 hand crossbow
 w - a +0 short sword
Missiles
 d - 64 bolts
Armour
 v - a +1 cloak of invisibility (worn)
 B - a +3 scale mail (worn)
 E - a +1 helmet (worn)
Jewellery
 s - a ring of see invisible (left hand)
Wands
 c - a wand of iceblast (12/15)
 r - a wand of random effects (41/48)
 x - a wand of acid (4/15)
 z - a wand of clouds (1/9)
 F - a wand of polymorph (9/24)
 G - a wand of flame (25/48)
Scrolls
 e - 2 scrolls of blinking
 j - a scroll of amnesia
 k - 5 scrolls of remove curse
 m - 3 scrolls of recharging
 t - 5 scrolls of identify
 y - 5 scrolls of teleportation
 I - a scroll of fear
 J - a scroll of enchant weapon
 M - a scroll of brand weapon
Potions
 g - 2 potions of cancellation
 h - 8 potions of curing
 i - 3 potions of magic
 p - a potion of lignification
 A - 4 potions of heal wounds
 C - 2 potions of mutation
 D - a potion of experience {unknown}
 H - a potion of haste {unknown}
Comestibles
 f - 7 bread rations
 l - a meat ration
 q - 8 royal jellies
 u - 9 fruits


   Skills:
 + Level 6.4(5.9) Fighting
 + Level 9.9(9.4) Axes
 - Level 10.0(9.4) Crossbows
 - Level 2.0(1.5) Dodging
 - Level 1.0(0.6) Stealth
 + Level 9.4(8.9) Evocations


You had 10 spell levels left.
You didn't know any spells.

Dungeon Overview and Level Annotations

Branches:
Dungeon (11/15)            Temple (1/1) D:7             Orc (0/2) D:10
   Lair: D:8-11

Altars:
Ashenzari
Cheibriados
Dithmenos
Elyvilon
Gozag
Hepliaklqana
Kikubaaqudgha
Makhleb
Nemelex Xobeh
Okawaru
Qazlal
Ru
Sif Muna
Trog
Vehumet
Wu Jian
Xom
Zin
The Shining One

Shops:
D:9 [


Innate Abilities, Weirdness & Mutations

You possess an exceptional clarity of mind.
You are robust. (+10% HP)
You are covered in fur. (AC +1)
Your muscles are strong. (Str +2)


Message History

You slash Josephine! You freeze Josephine.
You kill Josephine!
Okawaru is honoured by your kill.
The seven-headed hydra is engulfed in blazing flames.
Evoke which item? (* to show all) (? for menu, Esc to quit)
Aiming: Random Effects (will waste charges)
Press: ? - help, Shift-Dir - straight line, f - seven-headed hydra
Aim: a seven-headed hydra (flame, heavily wounded)
The puff of flame hits the seven-headed hydra.
The seven-headed hydra is severely wounded.
Evoking this partially-identified wand wasted a few charges.
The seven-headed hydra is engulfed in blazing flames.
The seven-headed hydra misses you. The seven-headed hydra bites you!
* * * LOW HITPOINT WARNING * * *
The seven-headed hydra bites you but does no damage.
The seven-headed hydra bites you!
* * * LOW HITPOINT WARNING * * *
The seven-headed hydra barely misses you.
The seven-headed hydra bites you!
You die...

.# .#
.0 0#
#0#
##00#
#D0#
#p#
#(#
#.#
#.#
#.#
##.#
#..#
#:##
#<#


You could see a seven-headed hydra.

Vanquished Creatures
  Josephine (D:11)
  2 centaur warriors
  A guardian serpent (D:9)
  A troll (D:9)
  2 hippogriffs
  3 wraiths
  6 yaks (D:10)
  The ghost of Mandevil the Bolt Thrower, an amateur HuHu (D:3)
  A hungry ghost (D:10)
  Edmund (D:4)
  2 soldier ants (D:9)
  4 orc warriors
  A sky beast (D:7)
  4 phantoms
  2 centaurs
  3 ogres
  A big kobold (D:9)
  4 bullfrogs
  3 scorpions
  A troll zombie (D:10)
  7 killer bees
  A centaur zombie (D:8)
  A jelly (D:10)
  A bullfrog zombie (D:7)
  4 crimson imps
  10 hounds
  3 bullfrog skeletons
  A gnoll shaman (D:6)
  9 orc priests
  Crazy Yiuf (D:4)
  2 iguanas
  Natasha (thrice) (D:2)
  14 orc wizards
  7 worker ants
  7 ogre zombies (D:10)
  3 hound zombies
  A worker ant zombie (D:9)
  9 gnolls (D:6)
  14 adders
  3 oozes
  2 adder skeletons
  3 worms
  2 dart slugs (D:1)
  2 leopard geckos
  43 orcs
  6 bats
  5 giant cockroaches
  9 goblins
  7 hobgoblins
  15 jackals
  5 quokkas
  A ball python (D:3)
  A ball python skeleton (D:3)
  4 frilled lizards
  2 goblin skeletons (D:10)
  A goblin zombie (D:10)
  A hobgoblin skeleton (D:10)
  5 hobgoblin zombies (D:10)
  14 kobolds
  2 leopard gecko skeletons
  4 orc skeletons (D:10)
  12 orc zombies (D:10)
  6 rats
297 creatures vanquished.

Notes
Turn   | Place    | Note
-------+----------+-------------------------------------------
     0 | D:1      | Mandevil the Human Hunter began the quest for the Orb.
     0 | D:1      | Reached XP level 1. HP: 16/16 MP: 1/1
    94 | D:1      | Reached XP level 2. HP: 15/23 MP: 2/2
   489 | D:1      | Reached XP level 3. HP: 12/28 MP: 3/3
  1501 | D:2      | Noticed Natasha
  1505 | D:2      | Killed Natasha
  1505 | D:2      | Reached XP level 4. HP: 35/35 MP: 4/4
  1602 | D:2      | Found an ancient bone altar of Kikubaaqudgha.
  1677 | D:2      | Noticed Natasha
  1688 | D:2      | Killed Natasha
  1688 | D:2      | Reached skill level 5 in Crossbows
  1688 | D:2      | Reached XP level 5. HP: 19/42 MP: 5/5
  1736 | D:2      | Noticed Natasha
  1741 | D:2      | Killed Natasha
  2350 | D:3      | Reached skill level 1 in Axes
  2420 | D:3      | Noticed Mandevil's ghost (amateur HuHu)
  2423 | D:3      | Gained mutation: You possess an exceptional clarity of mind. [potion of mutation]
  2423 | D:3      | Gained mutation: Your muscles are strong. (Str +2) [potion of mutation]
  2423 | D:3      | Gained mutation: You are covered in fur. (AC +1) [potion of mutation]
  2423 | D:3      | Gained mutation: You are robust. (+10% HP) [potion of mutation]
  2441 | D:3      | Killed Mandevil's ghost
  2441 | D:3      | Reached XP level 6. HP: 52/52 MP: 6/6
  2820 | D:4      | Reached skill level 6 in Crossbows
  2998 | D:4      | Reached XP level 7. HP: 40/59 MP: 7/7
  3537 | D:4      | Found a shadowy altar of Dithmenos.
  3549 | D:4      | Noticed Edmund
  3598 | D:4      | Killed Edmund
  3598 | D:4      | Reached skill level 1 in Evocations
  3832 | D:4      | Found a runed door.
  4007 | D:4      | Noticed Crazy Yiuf
  4012 | D:4      | Killed Crazy Yiuf
  4041 | D:5      | Entered Level 5 of the Dungeon
  4070 | D:5      | Found a sacrificial altar of Ru.
  4133 | D:5      | Reached XP level 8. HP: 57/66 MP: 9/9
  4311 | D:5      | Reached skill level 7 in Crossbows
  4486 | D:5      | Found a snail-covered altar of Cheibriados.
  5061 | D:6      | Reached skill level 5 in Axes
  5304 | D:6      | Reached XP level 9. HP: 60/71 MP: 12/12
  5715 | D:7      | Reached skill level 8 in Crossbows
  5853 | D:7      | Found a sparkling altar of Nemelex Xobeh.
  5920 | D:7      | Reached skill level 5 in Evocations
  6171 | D:7      | Noticed a skeletal warrior
  6234 | D:7      | Found a radiant altar of Vehumet.
  7541 | D:8      | Found a sacrificial altar of Ru.
  7653 | D:8      | Noticed a hippogriff
  7663 | D:8      | Killed a hippogriff
  7663 | D:8      | Reached skill level 9 in Crossbows
  7663 | D:8      | Reached XP level 10. HP: 34/78 MP: 14/14
  7818 | D:8      | Found a glowing silver altar of Zin.
  7818 | D:8      | Found an ornate altar of the Wu Jian Council.
  8029 | D:7      | Found a staircase to the Ecumenical Temple.
  8035 | Temple   | Entered the Ecumenical Temple
  8039 | Temple   | Became a worshipper of Warmaster Okawaru
  8313 | D:9      | Noticed a guardian serpent
  8329 | D:9      | Killed a guardian serpent
  8329 | D:9      | Reached * piety under Okawaru
  9068 | D:9      | Found Voefi's Armour Shoppe.
  9161 | D:10     | Entered Level 10 of the Dungeon
  9175 | D:10     | Noticed a centaur warrior
  9424 | D:10     | Noticed a centaur warrior
  9438 | D:9      | Killed a centaur warrior
  9438 | D:9      | Reached ** piety under Okawaru
  9699 | D:10     | Reached skill level 10 in Crossbows
 10000 | D:10     | Found a staircase to the Orcish Mines.
 10086 | D:9      | Reached *** piety under Okawaru
 10086 | D:9      | Reached XP level 11. HP: 15/85 MP: 17/17
 10455 | D:10     | Killed a centaur warrior
 10455 | D:10     | Reached skill level 5 in Fighting
 11293 | D:10     | Received a gift from Okawaru
 11823 | D:11     | Reached **** piety under Okawaru
 11868 | D:11     | Noticed Josephine
 11875 | D:11     | Noticed a seven-headed hydra
 11880 | D:11     | Killed Josephine
 11881 | D:11     | Slain by a seven-headed hydra

Vault maps used:
D:1:      ncdulo_wetmaze
D:2:      kiku_gazebo_garden_becter, uniq_natasha
D:4:      nicolae_overflow_hidden_temple, uniq_edmund, uniq_crazy_yiuf_cottage
D:5:      kennysheep_mini, first_bread, basic_altar
D:7:      minmay_cornered_nines, nemelex_xobeh_ov_fountains_minmay,
          minmay_temple_entry_fiery, basic_altar
D:8:      gammafunk_temple_overflow_elements, nicolae_ru_awakened_eye
D:9:      serial_shops, kennysheep_little_box, hangedman_pestilent_swarm,
          minmay_liquid_box, nrook_guardian_serpent_ordinary
D:10:     zombieorc2_lemuel
D:11:     david_lair_shrubbed, serial_ice, serial_ice_m, serial_ice_h,
          serial_ice_i, serial_ice_a, portal_ice_cave_entry_animals_and_master,
          uniq_josephine
Temple:   nicolae_temple_x_marks_the_god

Skill      XL: |  1  2  3  4  5  6  7  8  9 10 11 |
---------------+----------------------------------+-----
Fighting       | 3 4 6 |  6.4
Crossbows      | 5 6 7 9 10 | 10.0
Axes           | 2 4 5 7 8 9 |  9.9
Evocations     | 2 4 6 8 9 |  9.4
Dodging        | |  2.0
Stealth        | |  1.0

Action                   |  1- 3 |  4- 6 |  7- 9 | 10-12 || total
-------------------------+-------+-------+-------+-------++-------
Melee: Short sword       |   151 |    17 |       |       ||   168
       Hand axe          |       |   103 |   332 |   415 ||   850
 Fire: Hand crossbow     |     8 |    18 |   116 |    31 ||   173
Evoke: Wand              |       |       |     2 |     2 ||     4
  Use: Scroll            |     3 |     7 |     4 |     4 ||    18
       Potion            |       |     5 |     4 |     1 ||    10
 Stab: Sleeping          |     1 |     1 |       |       ||     2
  Eat: Chunk             |     2 |     5 |    15 |    10 ||    32
       Royal jelly       |       |       |       |     2 ||     2
       Fruit             |       |       |       |     4 ||     4
Armor: Leather armour    |    53 |       |       |       ||    53
       Ring mail         |       |    47 |    29 |       ||    76
       Skin              |       |    15 |    23 |     8 ||    46
       Scale mail        |       |       |   134 |   184 ||   318
Dodge: Dodged            |   110 |    56 |   155 |   181 ||   502

Table legend:
 A = Spawn XP
 B = Non-spawn XP
 C = Spawn XP percentage of total XP
 D = Spawn monster count
 E = Non-spawn monster count
 F = Spawn count percentage of total count
 G = Total turns spent on level
                    A         B        C        D         E        F      G
               +---------+---------+-------+---------+---------+-------+---------
         Total |       0 |   12914 |   0.0 |       0 |     297 |   0.0 | 11881
               +---------+---------+-------+---------+---------+-------+---------
           D:1 |       0 |      56 |   0.0 |       0 |      31 |   0.0 |  1317
           D:2 |       0 |     125 |   0.0 |       0 |      11 |   0.0 |   696
           D:3 |       0 |     270 |   0.0 |       0 |      22 |   0.0 |   757
           D:4 |       0 |     324 |   0.0 |       0 |      16 |   0.0 |  1286
           D:5 |       0 |     849 |   0.0 |       0 |      27 |   0.0 |   991
           D:6 |       0 |     568 |   0.0 |       0 |      24 |   0.0 |   609
           D:7 |       0 |     757 |   0.0 |       0 |      15 |   0.0 |  1601
           D:8 |       0 |    1073 |   0.0 |       0 |      27 |   0.0 |   811
           D:9 |       0 |    3034 |   0.0 |       0 |      47 |   0.0 |  1827
          D:10 |       0 |    4345 |   0.0 |       0 |      74 |   0.0 |  1843
          D:11 |       0 |    1513 |   0.0 |       0 |       3 |   0.0 |   134
               +---------+---------+-------+---------+---------+-------+---------
